Map: 나이트쉐이드 - 래더

Players

lllllllllll (sOs) - Winner!

  • Race: Protoss Protoss
  • League: Grandmaster
  • Spawn Location: 11:00

JinairRogue (Rogue)

  • Race: Zerg Zerg
  • Spawn Location: 5:00

VOD

Have the link to the VOD?

Description

Time

  • Played on: Jan. 9, 2020, 5:35 a.m.
  • Length: 6:37
Show
View Real Time Build Order
Export as new Build Order

lllllllllll Protoss - Winner!

Build Orders: 1 Gate Expand, Zealot Archon, Archon Drop, Dark Templar Rush 

Get SALT Encoding   

  12  0:00  Probe  
  13  0:13  Probe  
  14  0:19  Pylon  
  14  0:25  Probe  
  15  0:34  Assimilator  
  15  0:37  Probe (Chrono Boost)  
  16  0:47  Gateway  
  16  0:49  Probe (Chrono Boost)  
  17  0:54  Probe (Chrono Boost)  
  18  1:04  Probe  
  19  1:16  Probe  
  20  1:23  Nexus  
  20  1:34  Cybernetics Core  
  20  1:36  Probe  
  21  1:40  Assimilator  
  21  1:48  Probe  
  21  1:50  Pylon  
  22  2:01  Probe  
  23  2:07  Adept (Chrono Boost)  
  23  2:13  Probe  
  23  2:15  Twilight Council  
  26  2:16  Warp Gate  
  26  2:25  Probe  
  27  2:35  Robotics Facility  
  29  2:41  Probe (Chrono Boost)  
  29  2:43  Probe (Chrono Boost)  
  31  2:50  Probe (Chrono Boost)  
  32  2:53  Probe (Chrono Boost)  
  32  2:56  Probe, Dark Shrine  
  32  3:03  Probe  
  33  3:08  Probe  
  33  3:09  Gateway  
  34  3:14  Gateway  
  35  3:20  Probe (Chrono Boost)  
  35  3:23  Probe (Chrono Boost)  
  35  3:25  Warp Prism (Chrono Boost)  
  36  3:30  Probe (Chrono Boost)  
  36  3:33  Probe (Chrono Boost)  
  40  3:37  Probe  
  40  3:39  Assimilator  
  41  3:44  Pylon  
  41  3:46  Pylon  
  41  3:50  Probe  
  41  3:51  Probe, Assimilator  
  43  4:03  Probe x2  
  43  4:04  Stalker  
  43  4:07  Adept  
  47  4:10  Adept  
  47  4:16  Probe x2  
  49  4:22  Observer  
  50  4:29  Charge (Chrono Boost), Pylon  
  50  4:31  Dark Templar x2  
  54  4:36  Gateway  
  54  4:47  Gateway x2  
  54  4:48  Archon  
  54  4:58  Gateway  
  54  5:02  Dark Templar  
  54  5:03  Dark Templar  
  54  5:05  Pylon  
  58  5:07  Zealot  
  58  5:09  Archon  
  58  5:12  Pylon  
  60  5:15  Probe  
  60  5:16  Probe  
  62  5:27  Zealot  
  64  5:37  Pylon  
  64  5:39  Zealot x2  
  64  5:40  Zealot  
  70  5:44  Zealot x2, Observer  
  74  5:54  Zealot x2  
  74  5:55  Observer  
  78  5:59  Dark Templar  
  78  6:00  Dark Templar  
  78  6:01  Dark Templar  
  84  6:05  Archon  
  84  6:07  Zealot  
  84  6:10  Pylon  
  86  6:13  Pylon  
  86  6:29  Pylon, Zealot x4  
  93  6:33  Zealot  
  93  6:34  Zealot  
Show
View Real Time Build Order
Export as new Build Order

JinairRogue Zerg 

Build Orders: Hatch First 

Get SALT Encoding   

  12  0:00  Drone  
  13  0:12  Overlord  
  13  0:16  Drone  
  14  0:30  Drone x2  
  16  0:48  Hatchery  
  15  0:51  Drone  
  15  0:54  Drone  
  17  0:57  Drone  
  18  1:07  Extractor  
  17  1:12  Spawning Pool  
  17  1:15  Drone  
  17  1:18  Drone  
  18  1:27  Drone  
  19  1:39  Drone  
  20  1:50  Overlord  
  20  1:59  Queen x2  
  20  2:00  Zergling x4  
  26  2:11  Drone x2, Metabolic Boost  
  28  2:22  Drone x2  
  30  2:33  Drone x2  
  32  2:38  Hatchery  
  31  2:45  Drone x2  
  31  2:49  Queen  
  35  2:54  Overlord  
  35  2:58  Drone  
  36  3:15  Drone x6  
  42  3:20  Zergling x2  
  42  3:26  Zergling x2  
  44  3:31  Overlord  
  44  3:37  Overlord  
  43  3:45  Queen  
  43  3:46  Spore Crawler  
  44  3:51  Queen  
  44  3:53  Drone x6  
  52  3:59  Drone  
  52  4:02  Zergling x8, Spore Crawler  
  57  4:03  Drone  
  56  4:13  Spore Crawler, Drone  
  54  4:20  Drone x5  
  54  4:22  Spine Crawler  
  58  4:28  Overlord x2  
  58  4:31  Overlord  
  58  4:35  Lair  
  58  4:37  Overlord  
  58  4:38  Extractor  
  57  4:43  Overlord  
  57  4:46  Queen, Overlord, Drone  
  57  4:50  Drone  
  61  4:54  Drone x7  
  61  4:56  Drone  
  61  4:58  Drone  
  70  5:01  Drone x3  
  73  5:08  Zergling x2  
  73  5:12  Extractor x2  
  72  5:15  Evolution Chamber  
  72  5:16  Zergling x6  
  72  5:17  Extractor x2  
  72  5:19  Zergling x2  
  72  5:20  Zergling x2  
  74  5:27  Zergling x2  
  75  5:30  Zergling x10  
  75  5:32  Drone  
  75  5:33  Drone  
  82  5:37  Hydralisk Den  
  82  5:42  Drone  
  82  5:43  Drone x2  
  84  5:50  Overseer  
  84  5:54  Drone x6  
  90  6:04  Overlord x3  
  90  6:11  Lurker Den  
  89  6:12  Hydralisk x3  
  89  6:17  Zergling x4  
  98  6:18  Overlord  
Tags
 
Add a new tag
Caveats
  • Supply blocks, unpowered buildings, or Contaminate may cause inaccurate times.
  • Supply counts are checked every 10 seconds.